 Dungeon Crawl Stone Soup version 0.32-a0-975-g85d4e5bfdb (webtiles) character file.

Game seed: 10167284280372876023

106108 Pooter the Severer (level 15, -5/141 HPs)
             Began as a Minotaur Berserker on Apr 17, 2024.
             Was a High Priest of Trog.
             Succumbed to a naga ritualist's toxic radiance
             ... on level 2 of the Snake Pit on Apr 19, 2024.
             The game lasted 02:31:39 (36237 turns).

Pooter the Severer (Minotaur Berserker)            Turns: 36237, Time: 02:31:39

Health: -5/141     AC: 15    Str: 37    XL:     15   Next: 96%
Magic:  14/14      EV: 14    Int:  4    God:    Trog [*****.]
Gold:   3052       SH: 11    Dex: 14    Spells: 14/14 levels left

rFire   . . .        a - +2 broad axe (venom)
rCold   . . .        H - +0 kite shield
rNeg    . . .        B - +2 ring mail {Will+}
rPois   .            (helmet restricted)
rElec   .            l - +2 cloak
rCorr   +            (no gloves)
SInv    .            P - +2 pair of boots
Will    ++...        h - amulet of regeneration
Stlth   +            C - ring "Yhoumn" {rPois rCorr Str+6}
HPRegen 1.23/turn    q - +6 ring of strength
MPRegen 0.14/turn

%: no passive effects
@: lethally poisoned (-5 -> -31), poison vulnerable
A: horns 2, retaliatory headbutt
a: Renounce Religion, Berserk, Trog's Hand, Brothers in Arms


You were on level 2 of the Snake Pit.
You worshipped Trog.
Trog was extremely pleased with you.
You visited 4 branches of the dungeon, and saw 24 of its levels.
You also visited: Ice Cave.

You collected 4099 gold pieces.
You spent 1047 gold pieces at shops.

Inventory:

Hand Weapons
 a - a +2 broad axe of venom (weapon)
   (You took it off an orc knight on level 2 of the Orcish Mines)
 b - a +6 sling of flaming
   (You took it off Joseph on level 7 of the Dungeon)
 w - a +4 morningstar of holy wrath
   (You took it off a molten gargoyle on level 3 of the Lair of Beasts)
 Z - a +1 broad axe of flaming
   (You bought it in a shop on level 4 of the Dungeon)
Missiles
 u - 6 javelins
 v - 18 boomerangs (quivered)
 U - 10 curare-tipped darts
 X - 6 atropa-tipped darts
 Y - 9 datura-tipped darts
Armour
 l - a +2 cloak (worn)
   (You found it on level 1 of the Dungeon)
 B - a +2 ring mail of willpower (worn)
   (You found it on level 5 of the Dungeon)
 H - a +0 kite shield (worn)
   (You took it off a gnoll sergeant on level 5 of the Dungeon)
 P - a +2 pair of boots (worn)
   (You found it in an ice cave)
 R - +0 ice dragon scales
   (You found it in an ice cave)
Jewellery
 c - an amulet of reflection
   (You bought it in a shop on level 2 of the Orcish Mines)
 h - an amulet of regeneration (around neck)
   (You found it on level 1 of the Snake Pit)
 q - a +6 ring of strength (right hand)
   (You found it on level 4 of the Lair of Beasts)
 x - a +4 ring of protection
   (You found it on level 9 of the Dungeon)
 A - a +5 ring of evasion
   (You found it on level 6 of the Dungeon)
 C - the ring "Yhoumn" (left hand) {rPois rCorr Str+6}
   (You found it in an ice cave)

   [ring of strength]

   Str+6:     It affects your strength (+6).
   rPois:     It protects you from poison.
   rCorr:     It protects you from acid and corrosion.
 G - an amulet of guardian spirit
   (You found it on level 3 of the Lair of Beasts)
 I - a ring of protection from cold
   (You found it on level 9 of the Dungeon)
 N - a ring of flight
   (You found it on level 6 of the Dungeon)
 O - a ring of fire
   (You found it on level 6 of the Dungeon)
 S - a ring of see invisible
   (You found it on level 3 of the Lair of Beasts)
Wands
 d - a wand of iceblast (11)
   (You found it on level 2 of the Lair of Beasts)
 f - a wand of flame (21)
   (You found it on level 5 of the Lair of Beasts)
 D - a wand of digging (5)
   (You found it on level 6 of the Dungeon)
 E - a wand of charming (18)
   (You found it on level 5 of the Dungeon)
 L - a wand of light (7)
   (You found it on level 6 of the Dungeon)
 V - a wand of polymorph (6)
   (You took it off Lodul on level 13 of the Dungeon)
Scrolls
 i - 6 scrolls of identify {@r1}
 j - 3 scrolls of enchant armour
 k - 2 scrolls of revelation
 m - 3 scrolls of noise {!r}
 r - a scroll of silence
 s - 3 scrolls of immolation {!r}
 t - 5 scrolls of teleportation {@r4}
 y - 5 scrolls of poison {!r}
 F - 5 scrolls of fear
 Q - 4 scrolls of fog
 T - 4 scrolls of blinking
 W - 2 scrolls of summoning
Potions
 e - 5 potions of attraction {!q}
 n - 5 potions of invisibility
 o - 4 potions of enlightenment
 p - 4 potions of heal wounds {@q2}
 z - 8 potions of curing {@q1}
 J - 4 potions of haste {@q3}
 K - a potion of might
 M - 3 potions of mutation {!q}
Miscellaneous
 g - a box of beasts
   (You found it on level 5 of the Lair of Beasts)


   Skills:
 + Level 15.1 Fighting
 - Level 18.0 Axes
 - Level 14.1 Ranged Weapons
 + Level 8.4 Throwing
 - Level 7.8 Armour
 * Level 9.0 Dodging
 - Level 11.0 Shields
 + Level 7.6 Evocations


You had 14 spell levels left.
You didn't know any spells.
Your spell library was empty.

Dungeon Overview and Level Annotations

Branches:
Dungeon (15/15) Zot: 25307  Temple (0/1) D:4            Lair (5/5) D:9 Zot: 20389
 Shoals (0/4) Lair:2        Snake (2/4) Lair:2 Zot: 10422   Slime (0/5) Lair:4
    Orc (2/2) D:9 Zot: 6583     Elf (0/3) Orc:2        Vaults (0/5) D:13
 Depths (0/4) D:15          IceCv (visited)

Altars:
Ashenzari
Elyvilon
Gozag
Hepliaklqana
Kikubaaqudgha
Makhleb
Nemelex Xobeh
Okawaru
Ru
Sif Muna
Vehumet
Xom
Yredelemnul
The Shining One
Beogh
Jiyva

Shops:
D:4 (   D:7 *   D:10 [   D:13 *   Orc:1 ?   Orc:2 =(!

Portals:
Trove: D:15 (give +6 demon whip)

Annotations:
D:3 1 runed translucent door, Crazy Yiuf


Innate Abilities, Weirdness & Mutations

You have a pair of horns on your head.
You reflexively headbutt those who attack you in melee.


Message History

You are more poisoned.
The naga ritualist constricts you.
An anaconda comes into view.
You block the black mamba's attack.
The anaconda hisses angrily.
You hit the naga ritualist but do no damage.
Your headbutt misses the naga ritualist.
You slice the black mamba!!
You feel very sick.
* * * LOW HITPOINT WARNING * * *
You are more poisoned.
The naga ritualist's toxic aura wanes.
The naga ritualist loses its grip on you.
You block the black mamba's attack.
Unknown command.
You slice the anaconda!! You headbutt the anaconda!
You closely miss the black mamba.
You feel very sick. The black mamba bites you.
* * * LOW HITPOINT WARNING * * *
You are lethally poisoned!
The black mamba poisons you!
You slice the anaconda!!
The anaconda looks as sick as possible!
You headbutt the anaconda.
You kill the anaconda!
Trog accepts your kill.
You slice the black mamba!!
You kill the black mamba!
Trog accepts your kill.
* * * LOW HITPOINT WARNING * * *
You feel extremely sick.
The naga ritualist calls down the wrath of its god upon you.
You feel yourself grow more vulnerable to poison.
The naga ritualist utters an invocation to its god.
The naga ritualist begins to radiate toxic energy.
* * * LOW HITPOINT WARNING * * *
You are more poisoned.
Your Dodging skill increases to level 9!
Aiming: Bolt of Light
Press: ? - help, Shift-Dir - straight line, f/p - naga ritualist
Aim: a naga ritualist, wielding a +1 short sword of speed and wearing a +0 robe (almost dead, catching its breath, 74% to hit)
The bolt of light misses the naga ritualist.
* * * LOW HITPOINT WARNING * * *
You feel extremely sick.
* * * LOW HITPOINT WARNING * * *
You are more poisoned.
Unknown command.
You hit the naga ritualist but do no damage.
You headbutt the naga ritualist. You slash the mana viper!
You die...

.......#)..#.
#....#...#.
#...##..###
###.#....##
##...###### #
#...).# #
###..)).#
####.##.)..#
#N@...#...##
#.S#......##
#.NN#...#.##
#.S.S#...#.#
#S#..#..####
.S.#.#####
... #. ### ..
#. #.. ###..


You could see an anaconda, 2 naga ritualists, a mana viper, 3 black mambas and a
naga.

Vanquished Creatures
  Kirke (Lair:3)
  The ghost of Berder the Scorcher, a journeyman NaFE of Vehumet (Orc:2)
  Snorg (Orc:1)
  A quicksilver dragon zombie (D:15)
  2 ogre magi
  4 anacondas
  3 hydras
  A merfolk avatar (Lair:5)
  14 two-headed ogres
  A death knight (D:15)
  2 boulder beetles
  2 death yaks (Lair:3)
  Urug (D:13)
  A vampire mage (D:15)
  2 naga sharpshooters
  6 shock serpents (Snake:1)
  2 orc high priests
  Sonja (Lair:1)
  6 skeletal warriors (D:15)
  3 skysharks
  2 deep trolls
  A storm dragon skeleton (D:15)
  Lodul (D:13)
  4 sea snakes (Lair:5)
  An arcanist (D:14)
  2 bog bodies (IceCv)
  A naga ritualist (Snake:1)
  4 mana vipers (Snake:1)
  A large abomination (D:15)
  3 wolf spiders
  3 orc knights
  2 deep elf pyromancers
  Pikel (D:5)
  A necromancer (D:15)
  5 cyclopes
  A harpy (shapeshifter) (D:14)
  4 manticores
  6 ugly things
  An elephant (Lair:5)
  A salamander (Lair:3)
  2 naga magi (Snake:1)
  13 black mambas
  Joseph (D:7)
  3 torpor snails
  2 molten gargoyles (Lair:3)
  16 cane toads
  An ice statue (IceCv)
  7 rime drakes
  2 anaconda simulacra (IceCv)
  A freezing wraith (D:12)
  13 komodo dragons
  A harpy zombie (D:15)
  4 polar bears
  An ice devil (IceCv)
  11 trolls
  5 hornets (Lair:1)
  A wind drake (D:14)
  14 blink frogs
  6 dream sheep
  A meliai zombie (D:15)
  13 slime creatures
  2 dire elephant simulacra (IceCv)
  Sigmund (D:2)
  20 yaks
  2 vampires (D:13)
  4 wraiths
  3 shadows
  14 humans (D:13)
  2 wyverns
  An unseen horror simulacrum (D:8)
  8 fire bats (Lair:3)
  3 hogs (Lair:3)
  A hog (shapeshifter) (D:14)
  2 basilisks
  6 wargs
  Grum (D:9)
  A death yak simulacrum (IceCv)
  A steam dragon (D:8)
  11 vampire mosquitoes
  7 nagas
  An acid dragon (D:10)
  14 water moccasins
  A hydra simulacrum (IceCv)
  5 sky beasts
  6 black bears
  2 ice beasts (D:8)
  5 laughing skulls
  13 orc warriors
  4 boggarts (Lair:3)
  23 ogres
  2 elephant zombies (D:15)
  11 wolves
  15 centaurs
  A phantom (D:5)
  A lemure (D:5)
  3 kobold brigands
  10 two-headed ogre simulacra (IceCv)
  3 scorpions
  14 bullfrogs
  2 gnoll sergeants
  3 cane toad simulacra (IceCv)
  A hornet simulacrum (D:8)
  A spriggan zombie (D:15)
  8 killer bees
  5 elephant simulacra (IceCv)
  An electric eel (Lair:3)
  6 howler monkeys
  2 wolf zombies (D:15)
  2 lava snakes (Lair:3)
  5 centaur zombies (D:15)
  2 hounds (D:5)
  A bombardier beetle (D:3)
  A gnoll bouda (D:8)
  A jelly (D:8)
  14 orc priests
  A sleepcap (D:5)
  Jessica (D:3)
  An iguana (D:5)
  11 orc wizards
  2 polar bear simulacra (IceCv)
  8 spriggan simulacra (IceCv)
  5 troll simulacra (IceCv)
  A wolf simulacrum (IceCv)
  A killer bee zombie (D:15)
  Robin (D:2)
  5 naga simulacra (IceCv)
  5 adders
  13 gnolls
  A shadow imp (D:7)
  15 white imps
  6 ufetubi
  4 ribbon worms
  2 dart slugs
  57 orcs
  10 bats
  8 endoplasms
  3 giant cockroaches
  17 goblins
  6 hobgoblins
  4 quokkas
  6 ball pythons
  3 frilled lizards
  2 goblin skeletons (D:6)
  2 goblin zombies (D:6)
  4 hobgoblin zombies (D:6)
  16 kobolds
  A kobold skeleton (D:6)
  A kobold zombie (D:6)
  An orc skeleton (D:6)
  5 rats
726 creatures vanquished.

Vanquished Creatures (collateral kills)
  2 humans (D:13)
  2 orc priests (D:9)
  An orc wizard (D:9)
  A troll simulacrum (IceCv)
  2 orcs (D:9)
8 creatures vanquished.

Vanquished Creatures (others)
  An orc warrior (D:9)
  A foxfire (Orc:2)
2 creatures vanquished.

Grand Total: 736 creatures vanquished

Notes
Turn   | Place    | Note
-------+----------+-------------------------------------------
     0 | D:1      | Pooter the Minotaur Berserker began the quest for the Orb.
     0 | D:1      | Reached XP level 1. HP: 19/19 MP: 0/0
   213 | D:1      | Reached XP level 2. HP: 23/27 MP: 1/1
   411 | D:1      | Reached skill level 1 in Throwing
   413 | D:1      | Reached skill level 4 in Axes
  1035 | D:2      | Reached ** piety under Trog
  1036 | D:2      | Reached XP level 3. HP: 33/33 MP: 2/2
  1153 | D:2      | Noticed Robin
  1173 | D:2      | Killed Robin
  1277 | D:2      | Reached XP level 4. HP: 40/40 MP: 3/3
  1298 | D:2      | Noticed Sigmund
  1330 | D:2      | Killed Sigmund
  1331 | D:2      | Reached skill level 5 in Axes
  1331 | D:2      | Reached XP level 5. HP: 47/47 MP: 4/4
  2070 | D:3      | Noticed a water moccasin
  2076 | D:3      | Killed a water moccasin
  2077 | D:3      | Reached skill level 5 in Fighting
  2077 | D:3      | Reached skill level 6 in Axes
  2077 | D:3      | Reached XP level 6. HP: 56/56 MP: 5/5
  2117 | D:3      | Noticed Jessica
  2126 | D:3      | Killed Jessica
  3013 | D:3      | Found a runed translucent door.
  3014 | D:3      | Noticed Crazy Yiuf
  3260 | D:4      | Found Wusolamacosk's Antique Weapon Shoppe.
  3266 | D:4      | Reached XP level 7. HP: 60/61 MP: 6/6
  3484 | D:4      | Found a staircase to the Ecumenical Temple.
  3660 | D:4      | Found an opulent altar of Gozag.
  3725 | D:4      | Noticed a two-headed ogre
  3732 | D:4      | Killed a two-headed ogre
  3733 | D:4      | Reached skill level 8 in Axes
  3733 | D:4      | Reached XP level 8. HP: 51/71 MP: 7/7
  3970 | D:5      | Entered Level 5 of the Dungeon
  4022 | D:5      | Noticed Pikel
  4034 | D:5      | Killed Pikel
  4035 | D:5      | Reached skill level 9 in Axes
  4069 | D:5      | Found an iron altar of Okawaru.
  4069 | D:5      | Found a runed translucent door.
  4082 | D:5      | Found the +0 toga "Victory" {*Victory Clar}
  4419 | D:5      | Identified a scroll of acquirement
  4420 | D:5      | Acquired 603 gold pieces
  4497 | D:4      | Bought a runed broad axe for 182 gold pieces
  4497 | D:4      | Bought an arbalest for 117 gold pieces
  4795 | D:5      | Reached XP level 9. HP: 79/79 MP: 8/8
  5263 | D:6      | Reached *** piety under Trog
  5311 | D:6      | Reached skill level 10 in Axes
  5313 | D:6      | Found a glowing golden altar of the Shining One.
  6170 | D:7      | Found a sparkling altar of Nemelex Xobeh.
  6170 | D:7      | Found a burning altar of Makhleb.
  6171 | D:7      | Found a shimmering altar of Xom.
  6207 | D:7      | Reached skill level 11 in Axes
  6228 | D:7      | Noticed Joseph
  6236 | D:7      | Killed Joseph
  6392 | D:7      | Found Unif's General Store.
  6688 | D:8      | Noticed a polar bear
  6697 | D:8      | Killed a polar bear
  6698 | D:8      | Reached XP level 10. HP: 90/90 MP: 9/9
  6733 | D:8      | Reached skill level 1 in Shields
  6743 | D:8      | Found a shimmering blue altar of Sif Muna.
  6814 | D:8      | Reached **** piety under Trog
  7211 | D:8      | Reached skill level 10 in Ranged Weapons
  7336 | D:8      | Reached skill level 12 in Axes
  7909 | D:9      | Found a radiant altar of Vehumet.
  7910 | D:9      | Found an ancient bone altar of Kikubaaqudgha.
  7910 | D:9      | Found a hazy altar of Hepliaklqana.
  8051 | D:9      | Found a staircase to the Orcish Mines.
  8169 | D:9      | Noticed Grum
  8183 | D:9      | Killed Grum
  8282 | D:9      | Found a broken altar of Ashenzari.
  8297 | D:9      | Found a staircase to the Lair.
  8550 | Orc:1    | Entered Level 1 of the Orcish Mines
  8550 | Orc:1    | Found Weamem's Magic Scroll Emporium.
  8568 | Orc:1    | Bought a scroll of enchant armour for 97 gold pieces
  8568 | Orc:1    | Bought a scroll of identify for 26 gold pieces
  8568 | Orc:1    | Bought a scroll of identify for 26 gold pieces
  8568 | Orc:1    | Bought a scroll of identify for 26 gold pieces
  8568 | Orc:1    | Bought a scroll of poison for 52 gold pieces
  8568 | Orc:1    | Bought a scroll of identify for 26 gold pieces
  8895 | Orc:2    | Entered Level 2 of the Orcish Mines
  8895 | Orc:2    | Noticed an orc high priest
  8963 | Orc:2    | Noticed an orc high priest
  8967 | Orc:2    | Noticed an orange demon
  8967 | Orc:2    | Noticed a smoke demon
  8969 | Orc:2    | Noticed a deep troll
  8975 | Orc:1    | Reached skill level 13 in Axes
  8975 | Orc:1    | Reached XP level 11. HP: 97/97 MP: 10/10
  9017 | Orc:2    | Noticed a two-headed ogre
  9022 | Orc:1    | Killed a two-headed ogre
  9072 | Orc:1    | Killed a deep troll
  9192 | Orc:1    | Killed an orc high priest
  9391 | Orc:2    | Noticed an ogre mage
  9598 | Orc:1    | Killed an ogre mage
  9599 | Orc:1    | Reached skill level 10 in Fighting
  9599 | Orc:1    | Reached skill level 5 in Shields
  9642 | Orc:2    | Noticed a two-headed ogre
  9643 | Orc:2    | Noticed a two-headed ogre
  9657 | Orc:1    | Killed a two-headed ogre
  9782 | Orc:2    | Noticed a two-headed ogre
  9782 | Orc:2    | Noticed a two-headed ogre
  9788 | Orc:1    | Killed a two-headed ogre
  9875 | Orc:1    | Killed a two-headed ogre
  9875 | Orc:1    | Killed a two-headed ogre
  9876 | Orc:1    | Reached skill level 14 in Axes
 10210 | Orc:2    | Noticed a two-headed ogre
 10267 | Orc:2    | Noticed an orc knight
 10275 | Orc:1    | Killed a two-headed ogre
 10451 | Orc:2    | Noticed a two-headed ogre
 10457 | Orc:1    | Killed an orc knight
 10458 | Orc:1    | Reached XP level 12. HP: 107/108 MP: 11/11
 10655 | Orc:1    | Killed a two-headed ogre
 10726 | Orc:2    | Killed an orc high priest
 10936 | Orc:2    | Found Deasm's Jewellery Shoppe.
 10943 | Orc:2    | Noticed a two-headed ogre
 10962 | Orc:2    | Killed a two-headed ogre
 10975 | Orc:2    | Found Dado's Antique Weapon Shop.
 10978 | Orc:2    | Bought an amulet of reflection for 300 gold pieces
 11029 | Orc:2    | Reached skill level 15 in Axes
 12197 | Orc:2    | Found Pusaper's Distillery.
 12198 | Orc:2    | Found Hapnoor's Distillery.
 12209 | Orc:2    | Bought a potion of haste for 130 gold pieces
 12209 | Orc:2    | Bought a potion of heal wounds for 65 gold pieces
 12239 | Orc:2    | Found a staircase to the Elven Halls.
 12281 | Orc:1    | Noticed Snorg
 12290 | Orc:1    | Found a roughly hewn altar of Beogh.
 12692 | Orc:1    | Killed Snorg
 13232 | Orc:2    | Found a runed translucent door.
 13233 | Orc:2    | Noticed Berder's ghost (journeyman NaFE)
 13285 | Orc:2    | Noticed an ogre mage
 13297 | Orc:2    | Killed an ogre mage
 13714 | Orc:2    | Killed Berder's ghost
 13938 | Lair:1   | Entered Level 1 of the Lair of Beasts
 14068 | Lair:1   | Reached skill level 16 in Axes
 14106 | Lair:1   | Noticed Sonja
 14111 | Lair:1   | Killed Sonja
 14333 | Lair:1   | Reached skill level 1 in Evocations
 14333 | Lair:1   | Reached XP level 13. HP: 117/117 MP: 12/12
 14970 | Lair:2   | Found a staircase to the Snake Pit.
 15008 | Lair:2   | Identified the +4 spear of the World {drain, Str+5}
 15263 | Lair:2   | Found a staircase to the Shoals.
 15519 | Lair:2   | Found a white marble altar of Elyvilon.
 15734 | Lair:3   | Reached ***** piety under Trog
 16712 | Lair:3   | Noticed Kirke
 16724 | Lair:3   | Killed Kirke
 16763 | Lair:3   | Reached skill level 17 in Axes
 16964 | Lair:3   | Reached skill level 5 in Armour
 17333 | Lair:4   | Received a gift from Trog
 17823 | Lair:4   | Found a viscous altar of Jiyva.
 17823 | Lair:4   | Found a staircase to the Slime Pits.
 19243 | Lair:5   | Entered Level 5 of the Lair of Beasts
 19618 | Lair:5   | Reached XP level 14. HP: 122/127 MP: 11/13
 21279 | Lair:5   | Reached skill level 10 in Shields
 22136 | Lair:5   | Reached skill level 5 in Throwing
 22482 | Lair:5   | Found a sacrificial altar of Ru.
 22517 | Lair:5   | Reached skill level 18 in Axes
 22652 | Lair:5   | Identified the +1 trident "Jocwirr" {holy, Will+ Str+2
                  | Dex+7}
 23562 | D:10     | Entered Level 10 of the Dungeon
 23620 | D:10     | Found Hun Lah's Antique Armour Shoppe.
 23893 | D:10     | You fall into a shaft and drop 3 floors!
 24077 | D:11     | Found a frozen archway.
 24089 | IceCv    | Entered an ice cave
 25441 | IceCv    | Received a gift from Trog
 25442 | IceCv    | Reached skill level 5 in Evocations
 28687 | IceCv    | Identified the ring "Yhoumn" {rPois rCorr Str+6}
 30926 | D:13     | Upgraded the game from 0.32-a0-960-g3814254bd7 to
                  | 0.32-a0-975-g85d4e5bfdb
 30963 | D:13     | Noticed Lodul
 30963 | D:13     | Noticed Urug
 30997 | D:13     | Killed Urug
 30997 | D:13     | Received a gift from Trog
 31037 | D:13     | Reached XP level 15. HP: 137/137 MP: 10/14
 31274 | D:13     | Killed Lodul
 31374 | D:13     | Found a gate to the Vaults.
 31514 | D:13     | Found Ziesath's Blood Bar.
 31900 | D:14     | Reached skill level 5 in Dodging
 32891 | D:15     | Entered Level 15 of the Dungeon
 33490 | D:15     | Found a burning altar of Makhleb.
 33835 | D:15     | Found a basalt altar of Yredelemnul.
 34196 | D:15     | Found a staircase to the Depths.
 34445 | D:15     | Found a portal to a secret trove of treasure.
 34630 | Snake:1  | Entered Level 1 of the Snake Pit
 35170 | Snake:1  | Reached skill level 15 in Fighting
 35731 | Snake:1  | Received a gift from Trog
 36236 | Snake:2  | HP: 7/141 [poisoned by a naga ritualist (toxic radiance)]
 36236 | Snake:2  | HP: 1/141 [naga ritualist/Olgreb's Toxic Radiance (6)]
 36237 | Snake:2  | Succumbed to a naga ritualist's toxic radiance

Illustrated notes

Levels and vault maps discovered:
D:1:      minmay_arrival_diagonal_passages, layout_loops_cross,
          chequers_big_river
D:2:      cheibrodos_helix_gallery, layout_basic, uniq_sigmund, uniq_robin
D:3:      layout_loops_ring, uniq_crazy_yiuf_cottage, uniq_jessica
D:4:      layout_loops_ring, nicolae_gozag_cash_rules_everything_around_me,
          temple_fountains, kennysheep_windowed_goal
D:5:      layout_loops_cross, nicolae_overflow_guarded_unrand_okawaru_victory,
          minivault_1, uniq_pikel
D:6:      layout_rooms, nicolae_tso_besieged_by_evil
D:7:      layout_rooms, dolorous_overflow_abandoned_chaos_spawn_temple,
          nicolae_overflow_hidden_temple, serial_shops, shop, dk_noncrumbling_3,
          uniq_joseph
D:8:      layout_gridville, nicolae_sif_muna_little_library, serial_ice,
          serial_ice_h, serial_ice_k, serial_ice_d, serial_ice_m, serial_ice_f,
          minmay_quadrilaterals
D:9:      layout_basic, nicolae_overflow_quartered_altars, lair_entry_dummy,
          david_orc_4, uniq_grum
D:10:     layout_basic, serial_shops, nicolae_shop_rolling_square
D:11:     layout_loops_ring, portal_ice_cave_entry_imps,
          hangedman_abyss_or_decor_stabs
D:12:     layout_rooms
D:13:     layout_roguey, david_vaults_3, guppyfry_shop_blood
D:14:     layout_cave_pods, minmay_misc_feat_columns, dreamdust_looks_like_rain
D:15:     gammafunk_depths_entry_grave, layout_irregular_city, bloody_makhleb,
          enter_trove_6, roadster_capsule_ark_zombie
Lair:1:   layout_regular_city, minmay_holes, dreamdust_wasp_nest, uniq_sonja
Lair:2:   layout_chaotic_city, shoals_dummy_entry, dummy_snake_entry,
          basic_altar, grunt_megastairs_3, infiniplex_staircase_pool_2
Lair:3:   layout_chaotic_city, serial_bayou_ford_a, kilobyte_rumbling_trees,
          uniq_kirke
Lair:4:   layout_regular_city, slime_entry_1, st_stairs_9,
          chequers_serial_rivers_large_b, ldierk_geyser, pond
Lair:5:   gammafunk_lair_ancient_temple, layout_layer_cave, lemuel_centaur_altar
Snake:1:  layout_misc_corridors
Snake:2:  nrook_guardian_serpent_snake_passage, layout_honeycomb
Orc:1:    layout_caves, serial_shops, nicolae_shop_peninsula, basic_altar,
          uniq_snorg
Orc:2:    st_orc_open, layout_caves, hellmonk_ghost_happy_afterlife,
          regret_index_minedec_guest_junction

Skill      XL: |  1  2  3  4  5  6  7  8  9 10 11 12 13 14 15 |
---------------+----------------------------------------------+-----
Throwing       | 1 2 4 6 8 |  8.4
Axes           | 4 5 6 8 9 11 13 14 16 17 18 | 18.0
Fighting       | 4 5 6 7 8 9 10 11 12 13 15 | 15.1
Ranged Weapons | 2 3 4 6 7 9 11 12 14 | 14.1
Shields        | 4 6 8 9 11 | 11.0
Armour         | 3 5 7 |  7.8
Evocations     | 1 3 5 7 |  7.6
Dodging        | 3 9 |  9.0

Action                     |  1- 3 |  4- 6 |  7- 9 | 10-12 | 13-15 || total
---------------------------+-------+-------+-------+-------+-------++-------
  Melee: Hand axe          |    91 |    46 |       |       |       ||   137
         Headbutt          |    12 |    17 |    22 |    75 |   212 ||   338
         Flail             |       |    29 |    58 |       |       ||    87
         War axe           |       |     5 |       |       |       ||     5
         Broad axe         |       |       |    71 |   345 |   875 ||  1291
         Morningstar       |       |       |       |       |     7 ||     7
   Fire: Sling             |     1 |    29 |     8 |   189 |   682 ||   909
         Arbalest          |       |       |    67 |       |       ||    67
  Throw: Stone             |       |     7 |       |       |       ||     7
         Javelin           |       |       |     2 |       |     2 ||     4
         Dart              |       |       |       |     2 |     2 ||     4
         Boomerang         |       |       |       |     5 |    27 ||    32
 Invoke: Trog's Hand       |     1 |     3 |     3 |     8 |    14 ||    29
         Berserk           |     1 |     4 |     3 |    19 |    11 ||    38
  Evoke: Wand              |       |       |       |     4 |     8 ||    12
         Box of beasts     |       |       |       |       |     2 ||     2
    Use: Scroll            |     2 |     3 |     7 |    10 |    11 ||    33
         Potion            |       |     1 |       |       |     7 ||     8
   Stab: Invisible         |       |       |       |     1 |     8 ||     9
 Armour: Animal skin       |    63 |       |       |       |       ||    63
         Skin              |       |    24 |       |       |       ||    24
         Ring mail         |       |    29 |    83 |   212 |   540 ||   864
         Scale mail        |       |    21 |    51 |       |       ||    72
         Ice dragon scales |       |       |       |       |    45 ||    45
  Dodge: Dodged            |    73 |    32 |   105 |   213 |   309 ||   732
  Block: Kite shield       |       |       |     2 |   254 |   498 ||   754
         Reflection        |       |       |       |     1 |     6 ||     7

Table legend: (Time is in decaauts)
 A = Elapsed time spent in this place.
 B = Non-inter-level travel time spent in this place.
 C = Inter-level travel time spent in this place.
 D = Time resting spent in this place.
 E = Time spent auto-exploring this place.
 F = Levels seen in this place.
 G = Mean time per level.
                   A        B        C        D        E       F      G
               +--------+--------+--------+--------+--------+-----+--------+
         Total |  36409 |  35215 |   1194 |  15441 |  14307 |  25 | 1456.4 |
       Dungeon |  14956 |  14034 |    922 |   2569 |   8772 |  15 |  997.1 |
          Lair |   9610 |   9411 |    199 |   4224 |   3983 |   5 | 1922.0 |
     Snake Pit |   1577 |   1564 |     13 |    923 |    411 |   2 |  788.5 |
  Orcish Mines |   5416 |   5358 |     58 |   3580 |    766 |   2 | 2708.0 |
      Ice Cave |   4848 |   4848 |      0 |   4144 |    374 |   1 | 4848.0 |
               +--------+--------+--------+--------+--------+-----+--------+

Top non-repeatable levels by time:
   IceCv: 4848 daAuts
  Lair:5: 4222 daAuts
   Orc:1: 2799 daAuts
   Orc:2: 2616 daAuts
  Lair:3: 1744 daAuts
  Lair:4: 1618 daAuts
    D:15: 1594 daAuts
 Snake:1: 1366 daAuts
     D:5: 1233 daAuts
     D:3: 1174 daAuts
    D:14: 1172 daAuts
     D:1: 1084 daAuts
     D:8: 1077 daAuts
  Lair:2: 1053 daAuts
     D:9: 1039 daAuts
